 Dungeon Crawl Stone Soup version 0.30-a0-385-gfebfb9b408 (webtiles) character file.

Game seed: 14437389576315801450

58 qeuew the Trooper (level 3, -1/29 HPs)
             Began as a Demonspawn Chaos Knight on Dec 3, 2022.
             Was a Plaything of Xom.
             Slain by Natasha (7 damage)
             ... on level 2 of the Dungeon.
             The game lasted 00:01:29 (925 turns).

qeuew the Trooper (Demonspawn Chaos Knight)          Turns: 925, Time: 00:01:30

Health: -1/29      AC: 10    Str: 14    XL:     3   Next: 75%
Magic:  3/3        EV: 11    Int: 13    God:    Xom [......]
Gold:   88         SH:  0    Dex: 12    Spells: 3/3 levels left

rFire   . . .      SeeInvis .    a - +0 hand axe (chaos)
rCold   . . .      Faith    .    (no shield)
rNeg    . . .      Spirit   .    b - +2 leather armour
rPois   .          Reflect  .    (no helmet)
rElec   .          Harm     .    (no cloak)
rCorr   .          Rampage  .    (no gloves)
Will    .....                    g - +2 pair of boots
Stlth   +.........               (no amulet)
HPRegen 0.24/turn                (no ring)
MPRegen 0.08/turn                (no ring)

@: no status effects
A: molten scales 1
a: Renounce Religion


You were on level 2 of the Dungeon.
You worshipped Xom.
You were a very special plaything of Xom.
You visited 1 branch of the dungeon, and saw 2 of its levels.

You collected 88 gold pieces.

Inventory:

Hand Weapons
 a - a +0 hand axe of chaos (weapon)
Armour
 b - a +2 leather armour (worn)
 g - a +2 pair of boots (worn)
Potions
 d - a potion of brilliance {unknown}
 h - a potion of curing
Miscellaneous
 c - a piece from Xom's chessboard (15/15) (quivered)


   Skills:
 + Level 3.2 Fighting
 + Level 3.1 Axes
 * Level 2.5 Armour
 + Level 1.3 Dodging
 + Level 0.5 Spellcasting
 + Level 1.0 Evocations


You had 3 spell levels left.
You didn't know any spells.
Your spell library contained the following spells:

 Spells                   Type           Power      Damage    Failure   Level
 Inner Flame              Hex/Fire       0%         N/A       73%         3
 Cause Fear               Hex            0%         N/A       98%         4
 Discord                  Hex            0%         N/A       100%        8


Dungeon Overview and Level Annotations

Branches:
Dungeon (2/15)

Altars:
Qazlal

Annotations:
D:2 Natasha


Innate Abilities, Weirdness & Mutations

You are partially covered in molten scales. (AC +2)


Message History

Natasha is moderately wounded.
Natasha claws you! Natasha claws you but does no damage.
You are too injured to fight recklessly!
You are too injured to fight recklessly!
You are too injured to fight recklessly!
You are too injured to fight recklessly!
You are too injured to fight recklessly!
You are too injured to fight recklessly!
You are too injured to fight recklessly!
You are too injured to fight recklessly!
You are too injured to fight recklessly!
You are too injured to fight recklessly!
You completely miss Natasha.
Natasha is moderately wounded.
Natasha barely misses you.
You hit Natasha.
Natasha is heavily wounded.
Natasha claws you but does no damage. Natasha closely misses you.
You barely miss Natasha.
Natasha is heavily wounded.
Natasha claws you but does no damage. Natasha claws you.
You barely miss Natasha.
Natasha is heavily wounded.
Natasha barely misses you.
You hit Natasha.
Natasha is heavily wounded.
Natasha closely misses you. x2
You hit Natasha but do no damage.
Natasha is heavily wounded.
Natasha claws you.
* * * LOW HITPOINT WARNING * * *
Natasha claws you.
* * * LOW HITPOINT WARNING * * *
You hit Natasha but do no damage.
Natasha is heavily wounded.
Natasha barely misses you.
You closely miss Natasha.
Natasha is heavily wounded.
Natasha claws you but does no damage. Natasha claws you!
You die...

#. #. #. #. #.
#.# #. #.#
###.##### #.#
#..>@Z..# #.#
#.#h###<# #.#
... #.# #.#
#.##
#.###.########
#.
#.............
#
#####.########
## #.# ).
#.#####
#.##.....#


You could see Natasha (berserk, ally target) and a friendly rat zombie.

Vanquished Creatures
  An adder (D:2)
  A dart slug (D:1)
  3 endoplasms
  7 goblins
  3 hobgoblins (D:1)
  11 jackals
  5 kobolds
  2 quokkas (D:1)
  2 ball pythons
  3 frilled lizards
  4 rats
42 creatures vanquished.

Notes
Turn   | Place    | Note
-------+----------+-------------------------------------------
     0 | D:1      | qeuew the Demonspawn Chaos Knight began the quest for the
                  | Orb.
     0 | D:1      | Reached XP level 1. HP: 18/18 MP: 1/1
    67 | D:1      | Reached skill level 1 in Dodging
   108 | D:1      | XOM: silly message
   114 | D:1      | Gained mutation: You are partially covered in molten
                  | scales. (AC +2) [demonic ancestry]
   114 | D:1      | Reached XP level 2. HP: 17/24 MP: 2/2
   388 | D:1      | Reached XP level 3. HP: 29/29 MP: 3/3
   477 | D:1      | XOM: divination: detect creatures
   847 | D:2      | Reached skill level 1 in Evocations
   863 | D:2      | Found a stormy altar of Qazlal.
   863 | D:2      | Identified the +1 leather armour "Zepporph" {rPois}
   911 | D:2      | Noticed Natasha
   925 | D:2      | Slain by Natasha

Illustrated notes

Levels and vault maps discovered:
D:1:      wander_arrival_peaceful_grave, layout_loops_ring,
          nicolae_concentric_dashed_squares_wild, grunt_decor_fettered
D:2:      layout_loops_ring, basic_altar, nicolae_ecumenical_snake_handling,
          uniq_natasha

Skill      XL: |  1  2  3 |
---------------+----------+-----
Dodging        | 1 |  1.3
Armour         | 2 |  2.5
Axes           | 3 |  3.1
Evocations     | 1 |  1.0
Fighting       | |  3.2
Spellcasting   | |  0.5

Action                   || total
-------------------------++-------
Melee: Hand axe          ||   110
  Use: Scroll            ||     6
       Potion            ||     1
 Stab: Sleeping          ||     1
Armor: Leather armour    ||    46
Dodge: Dodged            ||    77

Table legend: (Time is in decaauts)
 A = Elapsed time spent in this place.
 B = Non-inter-level travel time spent in this place.
 C = Inter-level travel time spent in this place.
 D = Time resting spent in this place.
 E = Time spent auto-exploring this place.
 F = Levels seen in this place.
 G = Mean time per level.
                   A        B        C        D        E       F      G
               +--------+--------+--------+--------+--------+-----+--------+
         Total |    942 |    927 |     15 |      0 |    678 |   2 |  471.0 |
       Dungeon |    942 |    927 |     15 |      0 |    678 |   2 |  471.0 |
               +--------+--------+--------+--------+--------+-----+--------+

Top non-repeatable levels by time:
     D:1: 792 daAuts
     D:2: 149 daAuts
